 Dungeon Crawl Stone Soup version 0.30-a0-726-gd89dcf765f (webtiles) character file.

Game seed: 8907286642292433205

53 jimonade the Sneak (level 3, -5/18 HPs)
             Began as a Vine Stalker Brigand on Jan 30, 2023.
             Killed by divine providence
             ... invoked by an orc priest
              (12 damage)
             ... on level 3 of the Dungeon.
             The game lasted 00:03:58 (1387 turns).

jimonade the Sneak (Vine Stalker Brigand)           Turns: 1387, Time: 00:03:58

Health: -5/18      AC:  7    Str: 13    XL:     3   Next: 87%
Magic:  0/4        EV: 15    Int: 14    God:
Gold:   99         SH:  0    Dex: 19    Spells: 2/2 levels left

rFire   . . .      SeeInvis .    h - +9 whip "Zunealer" {speed, Will- rCorr Int+3 Dex+2}
rCold   . . .      Faith    .    (no shield)
rNeg    . . .      Spirit   +    r - +0 ring mail
rPois   .          Reflect  .    p - +0 helmet
rElec   .          Harm     .    c - +0 cloak
rCorr   +          Rampage  .    (no gloves)
Will    .....                    (no boots)
Stlth   +++                      (no amulet)
HPRegen 0.23/turn                f - +5 ring of evasion
MPRegen 0.09/turn                j - ring of flight

@: flying
A: fangs 2, magic shield, antimagic bite, no potion heal 2
a: no special abilities


You were on level 3 of the Dungeon.
You visited 1 branch of the dungeon, and saw 3 of its levels.

You collected 99 gold pieces.

Inventory:

Hand Weapons
 a - a +2 dagger of flaming
 b - a +0 dagger of pain
 h - the +9 whip "Zunealer" (weapon) {speed, Will- rCorr Int+3 Dex+2}
   (You found it on level 2 of the Dungeon)

   Int:       It affects your intelligence (+3).
   Dex:       It affects your dexterity (+2).
   rCorr:     It protects you from acid and corrosion.
   Will:      It decreases your willpower.
 m - a +2 dagger
Missiles
 d - 9 poisoned darts (quivered)
 e - 3 curare-tipped darts
Armour
 c - a +0 cloak (worn)
 i - a +0 robe
 p - a +0 helmet (worn)
 r - a +0 ring mail (worn)
Magical Staves
 g - a staff of fire
Jewellery
 f - a +5 ring of evasion (left hand)
 j - a ring of flight (right hand)
Potions
 k - a potion of cancellation
 l - a potion of curing {unknown}
 n - a potion of lignification {unknown}
 o - 2 potions of mutation {unknown}
 q - a potion of flight {unknown}
 s - 3 potions of attraction {unknown}
 t - a potion of magic {unknown}
 u - a potion of heal wounds {unknown}


   Skills:
 + Level 2.1 Fighting
 - Level 2.1 Short Blades
 * Level 0.2 Maces & Flails
 + Level 2.0 Throwing
 + Level 0.8 Dodging
 + Level 5.9 Stealth


You had 2 spell levels left.
You didn't know any spells.
Your spell library contained the following spells:

 Spells                   Type           Power      Damage    Failure   Level
 Sublimation of Blood     Necr           0%         N/A       67%         2
 Petrify                  Tmut/Erth      0%         N/A       99%         4
 Irradiate                Conj/Tmut      0%         3d11      100%        5


Dungeon Overview and Level Annotations

Branches:
Dungeon (3/15)

Altars:

Shops:
D:1 (


Innate Abilities, Weirdness & Mutations

You have extremely sharp teeth.
When hurt, damage is shared between your health and your magic reserves.
Your bite disrupts and absorbs the magic of your enemies.
Potions cannot restore your health.


Message History

The worm is severely wounded.
You hit the worm.
You kill the worm!
A kobold comes into view.
It is wielding a +0 dagger and quivering poisoned darts.
There are monsters nearby!
An orc priest and 2 orcs come into view.
The orc priest is wielding a +0 dagger of protection.
The kobold shouts!
The orc priest shouts!
The orc shouts!
The bat hits you but does no damage.
You closely miss the bat. The bat closely misses you.
The orc shouts!
The bat hits you but does no damage.
The kobold throws a poisoned dart.
The poisoned dart completely misses you.
You hit the bat but do no damage. The bat closely misses you.
The kobold throws a poisoned dart.
The poisoned dart completely misses you.
The orc priest mumbles some strange prayers to Beogh against you.
Beogh smites you!
Ouch! That really hurt!
The bat hits you but does no damage.
You are too injured to fight recklessly!
You whack the orc!
You kill the orc!
The bat barely misses you.
The orc priest looks braver for a moment.
The kobold throws a poisoned dart.
The poisoned dart closely misses you. The orc hits you but does no damage.
You barely miss the orc. You bite the orc, but do no damage.
The bat barely misses you. The bat closely misses you.
You hit the bat.
You kill the bat!
The orc closely misses you.
You closely miss the orc. The kobold closely misses you.
The orc completely misses you.
You barely miss the kobold.
You hit the orc priest but do no damage.
The orc priest mumbles some strange prayers to Beogh against you.
Beogh smites you!
Ouch! That really hurt!
You die...

#..... #..... #.....
#..... #.....######
#..........# #######
#....oK....#
###...... #.o@....#
#........
#.......####........
#......>...........#
##.###..............
#. ##..###.......#
#.....†.# #...#^..#
######....#.#.#...#
#....#.#.....#
#....#.#.....#


You could see an orc priest, an orc and a kobold.

Vanquished Creatures
  An adder (D:2)
  A worm (D:3)
  An orc (D:3)
  5 ball pythons
  2 endoplasms
  7 giant cockroaches
  4 goblins
  2 hobgoblins
  3 quokkas
  4 bats
  3 frilled lizards
  A kobold (D:1)
  2 rats
36 creatures vanquished.

Notes
Turn   | Place    | Note
-------+----------+-------------------------------------------
     0 | D:1      | jimonade the Vine Stalker Brigand began the quest for the
                  | Orb.
     0 | D:1      | Reached XP level 1. HP: 11/11 MP: 2/2
    91 | D:1      | Reached skill level 5 in Stealth
   109 | D:1      | Found Nischid's Antique Weapon Shop.
   111 | D:1      | Reached XP level 2. HP: 15/15 MP: 3/3
   785 | D:2      | Reached XP level 3. HP: 18/18 MP: 4/4
   822 | D:2      | Identified the +9 whip "Zunealer" {speed, Will- rCorr Int+3
                  | Dex+2}
  1387 | D:3      | Killed from afar by an orc priest

Illustrated notes

Levels and vault maps discovered:
D:1:      dpeg_arrival_boxorama, layout_basic, serial_shops,
          nicolae_shop_advertising_works [nicolae_subvault_shop_adworks],
          serial_park_tiny_1, minmay_worlds_worst_comb
D:2:      layout_basic, supply_closet_lemuel
D:3:      layout_basic

Skill      XL: |  1  2  3 |
---------------+----------+-----
Stealth        | 5 |  5.9
Throwing       | 2 |  2.0
Fighting       | 2 |  2.1
Short Blades   | 2 |  2.1
Maces & Flails | |  0.2
Dodging        | |  0.8

Action                     || total
---------------------------++-------
  Melee: Dagger            ||    44
         Bite              ||     3
         Whip              ||    28
         Punch             ||     1
    Use: Scroll            ||     6
   Stab: Sleeping          ||    11
 Armour: Robe              ||    10
         Ring mail         ||     4
  Dodge: Dodged            ||    40

Table legend: (Time is in decaauts)
 A = Elapsed time spent in this place.
 B = Non-inter-level travel time spent in this place.
 C = Inter-level travel time spent in this place.
 D = Time resting spent in this place.
 E = Time spent auto-exploring this place.
 F = Levels seen in this place.
 G = Mean time per level.
                   A        B        C        D        E       F      G
               +--------+--------+--------+--------+--------+-----+--------+
         Total |   1372 |   1324 |     48 |      0 |   1069 |   3 |  457.3 |
       Dungeon |   1372 |   1324 |     48 |      0 |   1069 |   3 |  457.3 |
               +--------+--------+--------+--------+--------+-----+--------+

Top non-repeatable levels by time:
     D:1: 750 daAuts
     D:2: 588 daAuts
     D:3: 33 daAuts
